 Dungeon Crawl Stone Soup version 0.30-a0-368-g86fb4627a9 (webtiles) character file.

Game seed: 17016154391922023540

502 cndvsk the Covered (level 6, -10/61 HPs)
             Began as a Minotaur Fighter on Nov 19, 2022.
             Was a Follower of Okawaru.
             Mangled by Menkaure (15 damage)
             ... on level 4 of the Dungeon.
             The game lasted 00:05:43 (2701 turns).

cndvsk the Covered (Minotaur Fighter)               Turns: 2701, Time: 00:05:44

Health: -10/61     AC: 11    Str: 22    XL:     6   Next: 95%
Magic:  5/5        EV:  7    Int:  9    God:    Okawaru [*.....]
Gold:   186        SH:  4    Dex:  8    Spells: 5/5 levels left

rFire   . . .      SeeInvis .    a - +0 war axe
rCold   . . .      Faith    .    c - +0 buckler
rNeg    . . .      Spirit   .    b - +1 scale mail
rPois   .          Reflect  .    (helmet restricted)
rElec   .          Harm     .    g - +0 cloak
rCorr   .          Rampage  .    h - +1 pair of gloves
Will    .....                    (no boots)
Stlth   ..........               (no amulet)
HPRegen 0.30/turn                (no ring)
MPRegen 0.09/turn                (no ring)

@: mighty, attractive, constricted
A: horns 2, retaliatory headbutt, claws 1, clever 1, mutation resistance 1,
robust 1
a: Renounce Religion, Heroism


You were on level 4 of the Dungeon.
You worshipped Okawaru.
Okawaru was aware of your devotion.
You visited 1 branch of the dungeon, and saw 4 of its levels.

You collected 186 gold pieces.

Inventory:

Hand Weapons
 a - a +0 war axe (weapon)
Missiles
 e - a throwing net (quivered)
Armour
 b - a +1 scale mail (worn)
 c - a +0 buckler (worn)
 g - a +0 cloak (worn)
 h - a +1 pair of gloves (worn)
Jewellery
 k - a ring of flight
Scrolls
 j - a scroll of butterflies
Potions
 i - a potion of resistance


   Skills:
 + Level 5.3 Fighting
 + Level 4.6 Axes
 + Level 5.3 Armour
 + Level 3.2 Dodging
 + Level 5.3 Shields


You had 5 spell levels left.
You didn't know any spells.
Your spell library was empty.

Dungeon Overview and Level Annotations

Branches:
Dungeon (4/15)
 Temple: D:4-7

Altars:
Fedhas
Gozag
Okawaru
Sif Muna
Wu Jian

Annotations:
D:4 Menkaure


Innate Abilities, Weirdness & Mutations

You have a pair of horns on your head.
You reflexively headbutt those who attack you in melee.
You have sharp fingernails.
Your mind is acute. (Int +4, Str/Dex -1)
You are somewhat resistant to further mutation.
You are robust. (+10% HP)


Message History

Menkaure is moderately damaged.
You barely miss the ball python.
Menkaure calls on the powers of darkness!
Your body is wracked with pain!
* * * LOW HITPOINT WARNING * * *
The ball python bites you but does no damage.
The ball python constricts you.
Menkaure gestures at you while chanting.
Pain shoots through your body!
* * * LOW HITPOINT WARNING * * *
The ball python closely misses you. The ball python constricts you.
Unknown command.
Unknown command.
Unknown command.
You feel much better. Menkaure hits you but does no damage.
The ball python bites you. The ball python constricts you.
Unknown command.
You hit Menkaure but do no damage.
Menkaure is moderately damaged.
You hit the ball python but do no damage.
Menkaure hits you!
The ball python bites you but does no damage.
The ball python constricts you.
Unknown command.
You completely miss Menkaure.
Menkaure is moderately damaged.
You closely miss the ball python. The ball python barely misses you.
The ball python constricts you. Menkaure closely misses you. Menkaure hits you.
You block the ball python's attack. The ball python constricts you.
Unknown command.
It was a potion of attraction.
You feel attractive to monsters. Menkaure hits you!
* * * LOW HITPOINT WARNING * * *
The ball python closely misses you. The ball python constricts you.
Unknown command.
You feel very mighty all of a sudden.
The ball python bites you but does no damage.
The ball python constricts you. Menkaure hits you!
You die...

....# ..###...<......#
....# #.#.#..).......#
...)###+###
#.#....).......#
##.........
#......##.######
)..##..######.##.####.#
))...#...#....##.####.#
#..#.......#####......#
##.###.....####..S#####
##..###.........@....#
....# ##.....#..M..#..#
....# ..#.###.....# .#
....# #.##..##.....# #
.....##. ....#.#$.##
........ ...#.....
....... ...... .....#.
..#..... .......


You could see Menkaure (fast) and a ball python.

Vanquished Creatures
  Sigmund (D:3)
  Eustachio (D:4)
  A scorpion (D:4)
  Terence (D:3)
  An iguana (D:4)
  Robin (D:2)
  2 adders (D:2)
  2 worms (D:2)
  6 orcs (D:4)
  6 ball pythons
  3 bats
  4 endoplasms
  16 goblins
  2 hobgoblins (D:2)
  A kobold (D:1)
  2 frilled lizards
  2 rats (D:1)
52 creatures vanquished.

Notes
Turn   | Place    | Note
-------+----------+-------------------------------------------
     0 | D:1      | cndvsk the Minotaur Fighter began the quest for the Orb.
     0 | D:1      | Reached XP level 1. HP: 19/19 MP: 0/0
     2 | D:1      | Noticed a formicid
     4 | D:1      | Noticed a meteoran
     6 | D:1      | Noticed a gargoyle
     6 | D:1      | Noticed an ogre
     8 | D:1      | Noticed a minotaur
     8 | D:1      | Noticed a naga
    10 | D:1      | Noticed an elf
    10 | D:1      | Noticed a spriggan
    12 | D:1      | Noticed a draconian
    12 | D:1      | Noticed a vine stalker
    14 | D:1      | Noticed an armataur
    14 | D:1      | Noticed a merfolk
    16 | D:1      | Noticed a tengu
    16 | D:1      | Noticed a troll
    18 | D:1      | Noticed a felid
    18 | D:1      | Noticed a demigod
    20 | D:1      | Noticed an octopode
    20 | D:1      | Noticed a ghoul
    22 | D:1      | Noticed a human
    24 | D:1      | Noticed a demonspawn
    24 | D:1      | Noticed a felid
    26 | D:1      | Noticed a meteoran
   397 | D:1      | Reached XP level 2. HP: 27/27 MP: 1/1
  1020 | D:2      | Identified the +0 helmet of Analysis {rF+++ rC+ Int-2}
  1020 | D:2      | Noticed Robin
  1030 | D:2      | Reached skill level 1 in Dodging
  1041 | D:2      | Reached XP level 3. HP: 16/33 MP: 2/2
  1043 | D:2      | Killed Robin
  1388 | D:2      | Reached XP level 4. HP: 40/40 MP: 3/3
  1731 | D:3      | Gained mutation: Your mind is acute. (Int +4, Str/Dex -1)
                  | [potion of mutation]
  1731 | D:3      | Gained mutation: Your muscles are strong. (Str +4, Int/Dex
                  | -1) [potion of mutation]
  1731 | D:3      | Gained mutation: You possess an exceptional clarity of
                  | mind. [potion of mutation]
  1731 | D:3      | Gained mutation: Your mind is very acute. (Int +8, Str/Dex
                  | -2) [potion of mutation]
  1732 | D:3      | Lost mutation: Your muscles are strong. (Str +4, Int/Dex
                  | -1) [potion of mutation]
  1732 | D:3      | Lost mutation: You possess an exceptional clarity of mind.
                  | [potion of mutation]
  1732 | D:3      | Lost mutation: Your mind is very acute. (Int +8, Str/Dex
                  | -2) [potion of mutation]
  1732 | D:3      | Gained mutation: You have sharp fingernails. [potion of
                  | mutation]
  1732 | D:3      | Gained mutation: You are somewhat resistant to further
                  | mutation. [potion of mutation]
  1732 | D:3      | Gained mutation: Armour fits poorly on your strangely
                  | shaped body. [potion of mutation]
  1782 | D:3      | Lost mutation: Armour fits poorly on your strangely shaped
                  | body. [potion of mutation]
  1782 | D:3      | Lost mutation: You are somewhat resistant to further
                  | mutation. [potion of mutation]
  1782 | D:3      | Gained mutation: You are robust. (+10% HP) [potion of
                  | mutation]
  1782 | D:3      | Gained mutation: You are somewhat resistant to further
                  | mutation. [potion of mutation]
  1925 | D:3      | Noticed Terence
  1937 | D:3      | Killed Terence
  2030 | D:3      | Found an ornate altar of the Wu Jian Council.
  2033 | D:3      | Found an iron altar of Okawaru.
  2070 | D:3      | Became a worshipper of Warmaster Okawaru
  2094 | D:3      | Found an opulent altar of Gozag.
  2290 | D:3      | Found a faded altar of an unknown god.
  2320 | D:3      | Noticed Sigmund
  2332 | D:3      | Killed Sigmund
  2333 | D:3      | Reached XP level 5. HP: 46/51 MP: 4/4
  2333 | D:3      | Reached XP level 6. HP: 54/60 MP: 5/5
  2365 | D:3      | Found a faded altar of an unknown god.
  2373 | D:3      | Found a blossoming altar of Fedhas.
  2394 | D:3      | Found a shimmering blue altar of Sif Muna.
  2485 | D:4      | Reached * piety under Okawaru
  2501 | D:4      | Reached skill level 5 in Fighting
  2501 | D:4      | Reached skill level 5 in Shields
  2569 | D:4      | Reached skill level 5 in Armour
  2670 | D:4      | Noticed Eustachio
  2680 | D:4      | Killed Eustachio
  2690 | D:4      | Noticed Menkaure
  2701 | D:4      | Mangled by Menkaure

Illustrated notes

Levels and vault maps discovered:
D:1:      kb_arrival_jail, layout_loops_corners, kennysheep_nondescript,
          chequers_serial_rivers_micro_d, grunt_decor_cap,
          minmay_misc_feat_ornament
D:2:      layout_basic, uniq_robin
D:3:      layout_loops_ring, nicolae_gozag_seed_capital,
          nicolae_overflow_ecumenical_swirl, lemuel_blue_sif_altar,
          chequers_temple_overflow_statue_of_worship,
          shapermc_ecumenical_altar_acropolis, minmay_fountain_box,
          uniq_sigmund, uniq_terence
D:4:      layout_rooms, lemuel_doored_altar, lemuel_coloured_pillars_altar,
          lightli_sewer_entry_pipes, grunt_decor_one_mirror, uniq_menkaure,
          uniq_eustachio, uniq_grinder, uniq_ijyb

Skill      XL: |  1  2  3  4  5  6 |
---------------+-------------------+-----
Dodging        | 1 2 3 |  3.2
Fighting       | 4 5 |  5.3
Armour         | 4 5 |  5.3
Shields        | 4 5 |  5.3
Axes           | 3 4 |  4.6

Action                   |  1- 3 |  4- 6 || total
-------------------------+-------+-------++-------
Melee: War axe           |    47 |    53 ||   100
       Headbutt          |     5 |    10 ||    15
  Use: Scroll            |    10 |     4 ||    14
       Potion            |     4 |     6 ||    10
Armor: Scale mail        |    37 |    30 ||    67
Dodge: Dodged            |    25 |    25 ||    50
Block: Buckler           |    19 |     9 ||    28

Table legend: (Time is in decaauts)
 A = Elapsed time spent in this place.
 B = Non-inter-level travel time spent in this place.
 C = Inter-level travel time spent in this place.
 D = Time resting spent in this place.
 E = Time spent auto-exploring this place.
 F = Levels seen in this place.
 G = Mean time per level.
                   A        B        C        D        E       F      G
               +--------+--------+--------+--------+--------+-----+--------+
         Total |   2741 |   2593 |    148 |     45 |   2124 |   4 |  685.2 |
       Dungeon |   2741 |   2593 |    148 |     45 |   2124 |   4 |  685.2 |
               +--------+--------+--------+--------+--------+-----+--------+

Top non-repeatable levels by time:
     D:1: 1017 daAuts
     D:3: 809 daAuts
     D:2: 688 daAuts
     D:4: 225 daAuts
